TOP OF THE 1ST |
Montreal Expos batting - Pitching for Texas Rangers : RHP Kevin Ovens-Toots
|
Pitching: RHP Kevin Ovens-Toots
|
|
Batting: LHB Bill McGregor
|
0-0: Called Strike 0-1: Ball 1-1: Called Strike 1-2: Ball 2-2: Fly out, F9 (Flyball, 9S, EV 96.2 MPH)
|
Batting: RHB Steve French
|
0-0: Swinging Strike 0-1: Ball 1-1: Swinging Strike 1-2: Foul Ball, location: 2F 1-2: Ball 2-2: Ball 3-2: Foul Ball, location: 2F 3-2: Base on Balls
|
Batting: SHB Joey Pacheco
|
0-0: TRIPLE (Flyball, 89XD, EV 103.8 MPH) Steve French scores
|
Batting: LHB Mark Marvin
|
0-0: Ball 1-0: Swinging Strike 1-1: Swinging Strike 1-2: Foul Ball, location: 2F 1-2: TRIPLE (Line Drive, 89XD, EV 108.8 MPH) Joey Pacheco scores
|
Batting: LHB Steve Anderson
|
0-0: Swinging Strike 0-1: Ball 1-1: Ground out 1-3 (Groundball, 15S, EV 68.1 MPH)
|
Batting: RHB Jonathan Fraire
|
0-0: Ball 1-0: Foul Ball, location: 2F 1-1: Swinging Strike 1-2: Ball 2-2: Foul Ball, location: 2F 2-2: SINGLE (Line Drive, 6M, EV 100.0 MPH) Mark Marvin scores
|
Batting: SHB Lou Kroneman
|
0-0: Ball 1-0: Called Strike Jonathan Fraire is caught stealing 2nd base 2-6
|
Top of the 1st over - 3 runs, 3 hits, 0 errors, 0 left on base; Montreal 3 - Texas 0 |
BOTTOM OF THE 1ST |
Texas Rangers batting - Pitching for Montreal Expos : RHP Julian Black
|
Pitching: RHP Julian Black
|
|
Batting: LHB Sean Geisler
|
0-0: Called Strike 0-1: Foul Ball, location: 2F 0-2: Ball 1-2: Strikes out looking
|
Batting: SHB Rich Chavez
|
0-0: Ball 1-0: Ball 2-0: Ball 3-0: Called Strike 3-1: SOLO HOME RUN (Flyball, 9D, EV 94.4 MPH), Distance : 375 ft
|
Batting: RHB Zhao-ji Chi
|
0-0: Foul Ball, location: 2F 0-1: Foul Ball, location: 2F 0-2: Foul Ball, location: 2F 0-2: Ball 1-2: Ground out 6-3 (Groundball, 6, EV 99.4 MPH)
|
Batting: SHB John Giesbrecht
|
0-0: Ball 1-0: Called Strike 1-1: Ball 2-1: Ball 3-1: Base on Balls
|
Batting: RHB Imbart Faber
|
0-0: Ball 1-0: Ball 2-0: Foul Ball, location: 2F 2-1: Fly out, F9 (Flyball, 89D, EV 101.2 MPH)
|
Bottom of the 1st over - 1 run, 1 hit, 0 errors, 1 left on base; Montreal 3 - Texas 1 |
TOP OF THE 2ND |
Montreal Expos batting - Pitching for Texas Rangers : RHP Kevin Ovens-Toots
|
Batting: SHB Lou Kroneman
|
0-0: Ball 1-0: Ball 2-0: Ball 3-0: Called Strike 3-1: Called Strike 3-2: Base on Balls
|
Batting: RHB John Ham
|
0-0: Fly out, F7 (Flyball, 7D, EV 103.1 MPH)
|
Batting: RHB Eugênio Asceno
|
0-0: Ball 1-0: Ball 2-0: Called Strike 2-1: Swinging Strike 2-2: SINGLE (Groundball, 6MD, EV 96.2 MPH) Lou Kroneman to second
|
Batting: LHB Bill McGregor
|
0-0: Called Strike 0-1: Called Strike 0-2: Foul Ball, location: 2F 0-2: Fielders Choice at 2nd, 6-4 (Groundball, 6M, EV 88.1 MPH) Lou Kroneman to third
|
Batting: RHB Steve French
|
0-0: Ball 1-0: Fly out, F8 (Line Drive, 8RD, EV 99.4 MPH)
|
Top of the 2nd over - 0 runs, 1 hit, 0 errors, 2 left on base; Montreal 3 - Texas 1 |
BOTTOM OF THE 2ND |
Texas Rangers batting - Pitching for Montreal Expos : RHP Julian Black
|
Batting: LHB Jake Rheaume
|
0-0: Ball 1-0: Foul Ball, location: 2F 1-1: Bunt for hit to 15S - play at first, batter OUT! 1-3
|
Batting: SHB Tony Prado
|
0-0: Called Strike 0-1: Ball 1-1: Ground out 3-1 (Groundball, 34, EV 106.2 MPH)
|
Batting: RHB Josh Ferguson
|
0-0: Called Strike 0-1: Ball 1-1: Ground out 5-3 (Groundball, 5, EV 85.6 MPH)
|
Bottom of the 2nd over - 0 runs, 0 hits, 0 errors, 0 left on base; Montreal 3 - Texas 1 |
TOP OF THE 3RD |
Montreal Expos batting - Pitching for Texas Rangers : RHP Kevin Ovens-Toots
|
Batting: SHB Joey Pacheco
|
0-0: Foul Ball, location: 2F 0-1: Called Strike 0-2: Ball 1-2: Ground out 4-3 (Groundball, 4, EV 86.2 MPH)
|
Batting: LHB Mark Marvin
|
0-0: Swinging Strike 0-1: Ball 1-1: Ball 2-1: Fly out, F8 (Flyball, 8RXD, EV 103.1 MPH)
|
Batting: LHB Steve Anderson
|
0-0: Ball 1-0: SINGLE (Line Drive, 6MD, EV 101.9 MPH)
|
Batting: RHB Jonathan Fraire
|
0-0: SINGLE (Line Drive, 8LS, EV 108.1 MPH) Steve Anderson to second
|
Batting: SHB Lou Kroneman
|
0-0: Called Strike 0-1: Ball 1-1: Foul Ball, location: 2F 1-2: Fly out, F8 (Flyball, 8LXD, EV 84.4 MPH)
|
Top of the 3rd over - 0 runs, 2 hits, 0 errors, 2 left on base; Montreal 3 - Texas 1 |
BOTTOM OF THE 3RD |
Texas Rangers batting - Pitching for Montreal Expos : RHP Julian Black
|
Batting: SHB Vince Ealy
|
0-0: Ball 1-0: Ball 2-0: Ball 3-0: Base on Balls
|
Batting: LHB Sean Geisler
|
0-0: Called Strike 0-1: Called Strike 0-2: Ball 1-2: Ball 2-2: Ball Vince Ealy is caught stealing 2nd base 2-6 3-2: DOUBLE (Flyball, 8LXD, EV 100.0 MPH)
|
Batting: SHB Rich Chavez
|
0-0: Ball 1-0: Ball 2-0: Ball 3-0: Base on Balls
|
Batting: RHB Zhao-ji Chi
|
0-0: 3-RUN HOME RUN (Flyball, 7D, EV 94.4 MPH), Distance : 378 ft
|
Batting: SHB John Giesbrecht
|
0-0: Ball 1-0: Ball 2-0: Ball 3-0: Called Strike 3-1: Base on Balls
|
Batting: RHB Imbart Faber
|
0-0: Swinging Strike 0-1: Foul Ball, location: 2F 0-2: Grounds into double play, 5-4-3 (Groundball, 56, EV 86.2 MPH)
|
Bottom of the 3rd over - 3 runs, 2 hits, 0 errors, 0 left on base; Montreal 3 - Texas 4 |
TOP OF THE 4TH |
Montreal Expos batting - Pitching for Texas Rangers : RHP Kevin Ovens-Toots
|
Batting: RHB John Ham
|
0-0: Swinging Strike 0-1: Swinging Strike 0-2: Ball 1-2: Foul Ball, location: 2F 1-2: Foul Ball, location: 2F 1-2: Strikes out swinging
|
Batting: RHB Eugênio Asceno
|
0-0: Ball 1-0: Foul Ball, location: 2F 1-1: Foul Ball, location: 2F 1-2: Ball 2-2: Ball 3-2: Fly out, F6 (Line Drive, 6, EV 68.1 MPH)
|
Batting: LHB Bill McGregor
|
0-0: Ground out U3 (Groundball, 3S, EV 81.2 MPH)
|
Top of the 4th over - 0 runs, 0 hits, 0 errors, 0 left on base; Montreal 3 - Texas 4 |
BOTTOM OF THE 4TH |
Texas Rangers batting - Pitching for Montreal Expos : RHP Julian Black
|
Batting: LHB Jake Rheaume
|
0-0: Ball 1-0: Ball 2-0: SINGLE (Groundball, 6MD, EV 94.4 MPH)
|
Batting: SHB Tony Prado
|
0-0: SINGLE (Groundball, 34S, EV 83.8 MPH) (infield hit) Jake Rheaume to second
|
Batting: RHB Josh Ferguson
|
0-0: Called Strike 0-1: Fielders Choice at 2nd, 2-6 (Groundball, 13S, EV 63.8 MPH) Jake Rheaume to third
|
Batting: SHB Vince Ealy
|
0-0: Ball 1-0: Single, Error in OF, E8, batter to second base (Line Drive, 8LS, EV 103.1 MPH) Jake Rheaume scores Josh Ferguson to third
|
Pitching: LHP Tris Ross
|
|
Batting: LHB Sean Geisler
|
0-0: Ball 1-0: Swinging Strike 1-1: Swinging Strike 1-2: Strikes out swinging
|
Batting: SHB Rich Chavez
|
0-0: Called Strike 0-1: Ball 1-1: Ball 2-1: Swinging Strike 2-2: Strikes out swinging
|
Bottom of the 4th over - 1 run, 3 hits, 1 error, 2 left on base; Montreal 3 - Texas 5 |
TOP OF THE 5TH |
Montreal Expos batting - Pitching for Texas Rangers : RHP Kevin Ovens-Toots
|
Batting: RHB Steve French
|
0-0: Called Strike 0-1: Ball 1-1: Ball 2-1: Swinging Strike 2-2: Ball 3-2: Base on Balls
|
Batting: SHB Joey Pacheco
|
0-0: Called Strike 0-1: Ball 1-1: Ball 2-1: Ball 3-1: Called Strike 3-2: Strikes out swinging
|
Batting: LHB Mark Marvin
|
0-0: Ball Wild Pitch! Steve French to second 1-0: Fly out, F5 (Line Drive, 5, EV 69.4 MPH)
|
Batting: LHB Steve Anderson
|
0-0: Foul Ball, location: 2F 0-1: Swinging Strike 0-2: Foul Ball, location: 2F 0-2: Foul Ball, location: 2F 0-2: SINGLE (Groundball, 4MD, EV 96.2 MPH) Steve French to third Runner from 3rd tries for Home, SAFE, throw by CF to home
|
Batting: RHB Jonathan Fraire
|
0-0: Ball 1-0: Foul Ball, location: 2F 1-1: Fly out, F7 (Line Drive, 7, EV 84.4 MPH)
|
Top of the 5th over - 1 run, 1 hit, 0 errors, 1 left on base; Montreal 4 - Texas 5 |
BOTTOM OF THE 5TH |
Texas Rangers batting - Pitching for Montreal Expos : LHP Tris Ross
|
Batting: RHB Zhao-ji Chi
|
0-0: Ball 1-0: Ball 2-0: Ball 3-0: Called Strike 3-1: Called Strike 3-2: Strikes out swinging
|
Batting: SHB John Giesbrecht
|
0-0: Ball 1-0: Foul Ball, location: 2F 1-1: Ball 2-1: Ball 3-1: Swinging Strike 3-2: Foul Ball, location: 2F 3-2: Base on Balls
|
Batting: RHB Imbart Faber
|
0-0: Ball 1-0: Called Strike 1-1: Ball 2-1: Ball 3-1: SINGLE (Groundball, 56D, EV 105.0 MPH) John Giesbrecht to second
|
Batting: LHB Jake Rheaume
|
0-0: Ball 1-0: Called Strike 1-1: Called Strike 1-2: Strikes out swinging
|
Batting: SHB Tony Prado
|
0-0: Ball 1-0: Called Strike 1-1: Called Strike 1-2: Strikes out swinging
|
Bottom of the 5th over - 0 runs, 1 hit, 0 errors, 2 left on base; Montreal 4 - Texas 5 |
TOP OF THE 6TH |
Montreal Expos batting - Pitching for Texas Rangers : RHP Kevin Ovens-Toots
|
Batting: SHB Lou Kroneman
|
0-0: Called Strike 0-1: Ball 1-1: Foul Ball, location: 2F 1-2: Ball 2-2: Ball 3-2: Foul Ball, location: 2F 3-2: Foul Ball, location: 2F 3-2: Foul Ball, location: 2F 3-2: Base on Balls
|
Pitching: LHP Dylan Batstone
|
|
Batting: RHB John Ham
|
0-0: Grounds into double play, 6-4-3 (Groundball, 6, EV 100.6 MPH)
|
Batting: RHB Eugênio Asceno
|
0-0: Fly out, F9 (Flyball, 9, EV 89.4 MPH)
|
Top of the 6th over - 0 runs, 0 hits, 0 errors, 0 left on base; Montreal 4 - Texas 5 |
BOTTOM OF THE 6TH |
Texas Rangers batting - Pitching for Montreal Expos : LHP Tris Ross
|
Batting: RHB Josh Ferguson
|
0-0: Called Strike 0-1: Ball 1-1: Ball 2-1: SINGLE (Groundball, 34D, EV 105.0 MPH)
|
Pitching: RHP Ben Sheets
|
|
Batting: SHB Vince Ealy
|
0-0: Ball 1-0: Foul Ball, location: 2F 1-1: Called Strike 1-2: Ball 2-2: Ball 3-2: Ground out 6-3 (Groundball, 6S, EV 74.4 MPH) Josh Ferguson to second
|
Batting: LHB Sean Geisler
|
0-0: Ball 1-0: Called Strike 1-1: Ball 2-1: Ball 3-1: Called Strike 3-2: Base on Balls
|
Batting: SHB Rich Chavez
|
0-0: Foul Ball, location: 2F 0-1: Swinging Strike 0-2: Ball 1-2: Strikes out swinging
|
Batting: RHB Zhao-ji Chi
|
0-0: Fielders Choice at 2nd, 6-4 (Groundball, 6, EV 102.5 MPH)
|
Bottom of the 6th over - 0 runs, 1 hit, 0 errors, 2 left on base; Montreal 4 - Texas 5 |
TOP OF THE 7TH |
Montreal Expos batting - Pitching for Texas Rangers : LHP Dylan Batstone
|
Pitching: RHP Mark Lopez
|
|
Batting: LHB Bill McGregor
|
0-0: Fly out, F8 (Line Drive, 8RD, EV 93.1 MPH)
|
Batting: RHB Steve French
|
0-0: Called Strike 0-1: Ball 1-1: Ball 2-1: Foul Ball, location: 2F 2-2: Ball 3-2: Strikes out looking
|
Batting: SHB Joey Pacheco
|
0-0: Ball 1-0: Swinging Strike 1-1: Foul Ball, location: 2F 1-2: Ball 2-2: SINGLE (Groundball, 56D, EV 94.4 MPH)
|
Batting: LHB Mark Marvin
|
0-0: Ball 1-0: Ball 2-0: Fly out, F7 (Flyball, 7, EV 84.4 MPH)
|
Top of the 7th over - 0 runs, 1 hit, 0 errors, 1 left on base; Montreal 4 - Texas 5 |
BOTTOM OF THE 7TH |
Texas Rangers batting - Pitching for Montreal Expos : RHP Ben Sheets
|
Pitching: RHP Zack Rust
|
|
Batting: SHB John Giesbrecht
|
0-0: Ball 1-0: Ball 2-0: Foul Ball, location: 2F 2-1: Called Strike 2-2: Ball 3-2: Foul Ball, location: 2F 3-2: Fly out, F7 (Line Drive, 7, EV 85.6 MPH)
|
Batting: RHB Imbart Faber
|
0-0: Ball 1-0: Ball 2-0: Ball 3-0: Ground out 6-3 (Groundball, 6S, EV 66.2 MPH)
|
Batting: LHB Jake Rheaume
|
0-0: Ball 1-0: SINGLE (Groundball, 4MD, EV 104.4 MPH)
|
Batting: SHB Tony Prado
|
0-0: Called Strike 0-1: Called Strike 0-2: Strikes out swinging
|
Bottom of the 7th over - 0 runs, 1 hit, 0 errors, 1 left on base; Montreal 4 - Texas 5 |
TOP OF THE 8TH |
Montreal Expos batting - Pitching for Texas Rangers : RHP Mark Lopez
|
Pitching: RHP Mike Webb
|
|
Now at 2B: Masashi Yukizawa
|
|
Batting: LHB Steve Anderson
|
0-0: Ground out 4-3 (Groundball, 34D, EV 82.5 MPH)
|
Pinch Hitting: LHB Austin Ohmer
|
0-0: Ball 1-0: Called Strike 1-1: SINGLE (Groundball, 6S, EV 65.6 MPH) (infield hit)
|
Batting: SHB Lou Kroneman
|
0-0: Swinging Strike 0-1: Ball 1-1: Ball 2-1: Swinging Strike 2-2: Fly out, F7 (Line Drive, 7, EV 88.8 MPH)
|
Batting: RHB John Ham
|
0-0: Ground out 6-3 (Groundball, 56S, EV 62.5 MPH)
|
Top of the 8th over - 0 runs, 1 hit, 0 errors, 1 left on base; Montreal 4 - Texas 5 |
BOTTOM OF THE 8TH |
Texas Rangers batting - Pitching for Montreal Expos : RHP Zack Rust
|
Now in CF: Austin Ohmer
|
|
Batting: RHB Josh Ferguson
|
0-0: Ball 1-0: Foul Ball, location: 2F 1-1: Ball 2-1: SINGLE (Line Drive, 6MD, EV 98.8 MPH)
|
Batting: SHB Vince Ealy
|
0-0: Called Strike 0-1: Ball 1-1: Bunted foul 1-2: Strikes out swinging
|
Batting: LHB Sean Geisler
|
0-0: Ball 1-0: Called Strike 1-1: Ball 2-1: Fly out, F8 (Flyball, 8RD, EV 100.6 MPH)
|
Batting: SHB Rich Chavez
|
0-0: Ball 1-0: Foul Ball, location: 2F 1-1: Foul Ball, location: 2F 1-2: Ball 2-2: Strikes out swinging
|
Bottom of the 8th over - 0 runs, 1 hit, 0 errors, 1 left on base; Montreal 4 - Texas 5 |
TOP OF THE 9TH |
Montreal Expos batting - Pitching for Texas Rangers : RHP Mike Webb
|
Pitching: RHP Kyle Curve
|
|
Batting: RHB Eugênio Asceno
|
0-0: Called Strike 0-1: Swinging Strike 0-2: Foul Ball, location: 2F 0-2: Ball 1-2: Ball 2-2: Strikes out swinging
|
Batting: LHB Bill McGregor
|
0-0: Called Strike 0-1: Foul Ball, location: 2F 0-2: Strikes out swinging
|
Batting: RHB Steve French
|
0-0: Foul Ball, location: 2F 0-1: Ball 1-1: Called Strike 1-2: Ball 2-2: Ball 3-2: Foul Ball, location: 2F 3-2: Foul Ball, location: 2F 3-2: Strikes out swinging
|
Top of the 9th over - 0 runs, 0 hits, 0 errors, 0 left on base; Montreal 4 - Texas 5 |
|